 Dungeon Crawl Stone Soup version 0.28-a0-862-g58c29a6370 (webtiles) character file.

Game seed: 5332707126378420096

67 Strykforce the Magician (level 3, 0/24 HPs)
             Began as a Mummy Hedge Wizard on Nov 16, 2021.
             Slain by a worm (10 damage)
             ... on level 3 of the Dungeon.
             The game lasted 00:05:36 (3167 turns).

Strykforce the Magician (Mummy Hedge Wizard)        Turns: 3167, Time: 00:05:36

Health: 0/24       AC:  3    Str: 13    XL:     3   Next: 98%
Magic:  0/9        EV: 12    Int: 14    God:
Gold:   138        SH:  0    Dex: 11    Spells: 3/12 levels left

rFire   x . .      SeeInvis .   a - +0 dagger
rCold   + . .      Faith    .   (no shield)
rNeg    + + +      Spirit   .   b - +0 robe
rPois   ∞          Reflect  .   e - +0 helmet
rElec   .          Harm     .   (no cloak)
rCorr   .          Rampage  .   (no gloves)
Will    .....                   (no boots)
Stlth   ++........              (no amulet)
HPRegen 0.08/turn               (no ring)
MPRegen 0.11/turn               (no ring)

@: very slightly contaminated
A: cold resistance 1, negative energy resistance 3, torment resistance 2, heat
vulnerability 1, no potions
a: no special abilities


You were on level 3 of the Dungeon.
You visited 1 branch of the dungeon, and saw 3 of its levels.

You collected 138 gold pieces.

Inventory:

Hand Weapons
 a - a +0 dagger (weapon)
Missiles
 g - a throwing net
Armour
 b - a +0 robe (worn)
 c - a +0 hat
 e - a +0 helmet (worn)
Jewellery
 h - a ring of ice
Scrolls
 i - a scroll of teleportation


   Skills:
 - Level 0.2 Short Blades
 - Level 1.6 Dodging
 - Level 1.6 Stealth
 + Level 5.1 Spellcasting
 * Level 2.1 Conjurations
 - Level 0.7 Summonings
 - Level 0.7 Translocations


You had 3 spell levels left.
You knew the following spells:

 Your Spells              Type           Power      Damage    Failure   Level
a - Magic Dart            Conj           36%        1d4       7%          1
b - Conjure Flame         Conj/Fire      6%         6-21      32%         3
c - Mephitic Cloud        Conj/Pois/Air  5%         N/A       36%         3
d - Blink                 Tloc           10%        N/A       19%         2

Your spell library contained the following spells:

 Spells                   Type           Power      Damage    Failure   Level
 Apportation              Tloc           10%        N/A       13%         1
 Summon Small Mammal      Summ           20%        N/A       13%         1
 Animate Skeleton         Necr           6%         N/A       17%         1
 Slow                     Hex            12%        N/A       17%         1
 Call Imp                 Summ           5%         N/A       19%         2


Dungeon Overview and Level Annotations

Branches:
Dungeon (3/15)

Altars:
Xom

Shops:
D:1 *

Annotations:
D:3 Natasha


Innate Abilities, Weirdness & Mutations

You are immune to poison.
Your flesh is cold resistant. (rC+)
You are immune to negative energy. (rN+++)
You are immune to unholy pain and torment.
You are vulnerable to heat. (rF-)
You do not drink.


Message History

The worm bites you.
Casting: Magic Dart (safe; 7% risk of failure)
Confirm with . or Enter, or press ? or * to list all spells.
Aiming: Magic Dart (safe; 7% risk of failure)
Press: ? - help, Shift-Dir - straight line, f/p - worm
Aim: a worm (moderately wounded, 100% to hit)
The magic dart hits the worm.
The worm is severely wounded.
Casting: Magic Dart (safe; 7% risk of failure)
Confirm with . or Enter, or press ? or * to list all spells.
Aiming: Magic Dart (safe; 7% risk of failure)
Press: ? - help, Shift-Dir - straight line, f/p - worm
Aim: a worm (severely wounded, 100% to hit)
The magic dart hits the worm but does no damage.
The worm is severely wounded.
The worm barely misses you.
Casting: Magic Dart (safe; 7% risk of failure)
Confirm with . or Enter, or press ? or * to list all spells.
Aiming: Magic Dart (safe; 7% risk of failure)
Press: ? - help, Shift-Dir - straight line, f/p - worm
Aim: a worm (heavily wounded, 100% to hit)
The magic dart hits the worm but does no damage.
The worm is heavily wounded.
Casting: Magic Dart (safe; 7% risk of failure)
Confirm with . or Enter, or press ? or * to list all spells.
Aiming: Magic Dart (safe; 7% risk of failure)
Press: ? - help, Shift-Dir - straight line, f/p - worm
Aim: a worm (heavily wounded, 100% to hit)
You miscast Magic Dart.
You are very lightly contaminated with residual magic.
Nothing appears to happen.
The worm bites you!
Casting: Magic Dart (safe; 7% risk of failure)
Confirm with . or Enter, or press ? or * to list all spells.
Aiming: Magic Dart (safe; 7% risk of failure)
Press: ? - help, Shift-Dir - straight line, f/p - worm
Aim: a worm (heavily wounded, 100% to hit)
The magic dart hits the worm.
The worm is severely wounded.
The worm bites you!
You die...

#÷........... #..........h#
.#####.....#####..
........##.....##.##
..####..#..#.<..#..# # #.
#..#.......#..#.# #.
#..#.<._.#....#.# #.
#.w#....w..#....
#.####..#..#.@..#..#
.##.......##.(...##.##
#.......#.....#####..####
..#####...#........†....##
.
##.##.#.....####...########
#!##..####..#.............
#.###.# ##...#...####....
#.# #.# #.####.## #.....
#.# ##. #... #.# #...§≈


You could see a worm.

Vanquished Creatures
  3 adders
  4 ball pythons
  5 endoplasms
  A giant cockroach (D:2)
  2 goblins (D:1)
  7 hobgoblins
  2 jackals (D:1)
  3 kobolds
  A quokka (D:1)
  4 bats
  2 frilled lizards
  3 rats
37 creatures vanquished.

Notes
Turn   | Place    | Note
-------+----------+-------------------------------------------
     0 | D:1      | Strykforce the Mummy Hedge Wizard began the quest for the
                  | Orb.
     0 | D:1      | Reached XP level 1. HP: 13/13 MP: 5/5
   245 | D:1      | Reached skill level 1 in Conjurations
   329 | D:1      | Reached XP level 2. HP: 19/19 MP: 0/7
  1135 | D:1      | Found Riathit's Assorted Antiques.
  1794 | D:2      | Reached XP level 3. HP: 19/24 MP: 1/9
  2665 | D:3      | Found a faded altar of an unknown god.
  2674 | D:3      | Reached skill level 5 in Spellcasting
  2780 | D:3      | Found a shimmering altar of Xom.
  2946 | D:3      | Learned a level 3 spell: Conjure Flame
  2950 | D:3      | Learned a level 3 spell: Mephitic Cloud
  2953 | D:3      | Learned a level 2 spell: Blink
  2976 | D:3      | Noticed Natasha
  3167 | D:3      | Slain by a worm

Illustrated notes

Levels and vault maps discovered:
D:1:      sevenhm_arrival_forest_fort_large_4, layout_basic, serial_shops,
          nicolae_shop_behind_doors
D:2:      layout_basic, nrook_mini_vaults
D:3:      layout_loops_ring, mainiacjoe_overflow_small_starburst,
          nicolae_ecumenical_pavilion, portal_sewer_entry_e,
          minmay_misc_feat_square, uniq_natasha

Skill      XL: |  1  2  3 |
---------------+----------+-----
Conjurations   | 1 2 |  2.1
Spellcasting   | 5 |  5.1
Short Blades   | |  0.2
Dodging        | |  1.6
Stealth        | |  1.6
Summonings     | |  0.7
Translocations | |  0.7

Action                   || total
-------------------------++-------
Melee: Dagger            ||    30
 Cast: Magic Dart        ||   133
       Blink             ||     1
  Use: Scroll            ||     2
Armor: Robe              ||    16
Dodge: Dodged            ||    41

Table legend: (Time is in decaauts)
 A = Elapsed time spent in this place.
 B = Non-inter-level travel time spent in this place.
 C = Inter-level travel time spent in this place.
 D = Time resting spent in this place.
 E = Time spent auto-exploring this place.
 F = Levels seen in this place.
 G = Mean time per level.
                   A        B        C        D        E       F      G
               +--------+--------+--------+--------+--------+-----+--------+
         Total |   3167 |   3044 |    123 |    512 |   2145 |   3 | 1055.7 |
       Dungeon |   3167 |   3044 |    123 |    512 |   2145 |   3 | 1055.7 |
               +--------+--------+--------+--------+--------+-----+--------+

Top non-repeatable levels by time:
     D:1: 1521 daAuts
     D:2: 1315 daAuts
     D:3: 331 daAuts
